 Dungeon Crawl Stone Soup version 0.23.2 (console) character file.

Game seed: 18014503852169643126

97751 jt the Impaler (level 16, -6/131 HPs)
             Began as a Merfolk Gladiator on Mar 31, 2019.
             Was a Believer of Uskayaw.
             Mangled by a hornet (8 damage)
             ... created by a shambling mangrove
             ... on level 4 of the Swamp.
             The game lasted 01:48:32 (33751 turns).

jt the Impaler (Merfolk Gladiator)                 Turns: 33751, Time: 01:48:39

Health: -6/131     AC:  9    Str: 17    XL:     16   Next: 20%
Magic:  6/20       EV: 26    Int: 12    God:    Uskayaw [**....]
Gold:   1543       SH:  0    Dex: 15    Spells: 13/20 levels left

rFire    + . .     SeeInvis +   a - +4 glaive (flame)
rCold    . . .     Gourm    +   (shield currently unavailable)
rNeg     . . .     Faith    .   E - +0 leather armour {MR+}
rPois    +         Spirit   .   J - +1 helmet
rElec    .         Reflect  .   n - +1 cloak
rCorr    .         Harm     .   U - +1 pair of gloves
MR       +++..                  (boots currently unavailable)
Stlth    +++++.....             Z - amulet of the gourmand
HPRegen  0.31/turn              P - ring of see invisible
MPRegen  0.17/turn              j - ring of protection from magic

@: grasped by roots, very slightly contaminated, constricted, very quick
A: change form in water, swift swim, stealthy swim, fire resistance 1, low mp 1,
poison resistance
a: Stomp, Line Pass, Renounce Religion


You were on level 4 of the Swamp.
You worshipped Uskayaw.
Uskayaw was aware of your devotion.
You were full.

You visited 6 branches of the dungeon, and saw 26 of its levels.
You also visited: Sewer and Volcano.

You collected 2513 gold pieces.
You spent 970 gold pieces at shops.

Inventory:

Hand Weapons
 a - a +4 glaive of flaming (weapon)
Missiles
 p - 13 curare-tipped needles
 w - 16 tomahawks (quivered)
 A - 6 javelins
 B - 3 poisoned tomahawks
 F - a throwing net
 R - 3 silver tomahawks
 S - a steel tomahawk
Armour
 h - a scarf of cloud immunity
 n - a +1 cloak (worn)
 r - a +0 pair of boots (melded)
 E - a +0 leather armour of magic resistance (worn)
 J - a +1 helmet (worn)
 U - a +1 pair of gloves (worn)
 Y - the +2 robe of Virtue {*Corrode +Fly Dex+7 Slay+3}
   (You bought it in a shop on level 2 of the Orcish Mines)

   It affects your dexterity (+7).
   It affects your accuracy and damage with ranged weapons and melee attacks
   (+3).
   It lets you fly.
   It may corrode you when you take damage.
Jewellery
 j - a ring of protection from magic (right hand)
 m - an uncursed ring of protection from fire
 t - a +4 ring of intelligence
 H - an uncursed ring of wizardry
 I - an uncursed ring of stealth
 P - a ring of see invisible (left hand)
 Z - an amulet of the gourmand (around neck)
Wands
 b - a wand of polymorph (18)
 e - a wand of paralysis (7)
 i - a wand of disintegration (2)
 o - a wand of flame (13)
 C - a wand of random effects (19)
 D - a wand of iceblast (5)
 G - a wand of acid (3)
 O - a wand of enslavement (23)
 T - a wand of digging (4)
Scrolls
 c - 14 scrolls of remove curse
 g - 6 scrolls of blinking
 l - 7 scrolls of identify
 q - 11 scrolls of teleportation
 x - 2 scrolls of holy word
 M - a scroll of fog
 Q - 3 scrolls of immolation
 X - 3 scrolls of fear
Potions
 d - 2 potions of cancellation
 k - 2 potions of lignification
 s - 4 potions of flight
 u - 2 potions of brilliance
 y - a potion of resistance
 L - 5 potions of curing
 V - 2 potions of heal wounds
Miscellaneous
 K - a crystal ball of energy
 N - a fan of gales
 W - a phial of floods
Comestibles
 f - 13 rations


   Skills:
 + Level 13.5 Fighting
 + Level 19.2 Polearms
 - Level 8.0 Throwing
 + Level 16.0 Dodging
 - Level 9.6 Stealth
 + Level 2.7 Spellcasting
 + Level 3.2 Charms
 + Level 2.9 Summonings
 + Level 2.4 Necromancy
 + Level 3.4 Ice Magic
 + Level 9.2 Invocations
 + Level 8.4 Evocations


You had 13 spell levels left.
You knew the following spells:

 Your Spells              Type           Power        Failure   Level  Hunger
a - Confusing Touch       Hex            #.....       30%         1    #......
b - Animate Skeleton      Necr           N/A          12%         1    #......
c - Summon Small Mammal   Summ           #...         10%         1    #......
d - Freeze                Ice            #...         8%          1    #......
e - Ozocubu's Armour      Chrm/Ice       #.......     24%         3    ###....

Your spell library contained the following spells:

 Spells                   Type           Power        Failure   Level  Hunger
 Throw Frost              Conj/Ice       #.....       24%         2    ###....
 Apportation              Tloc           #.....       30%         1    #......
 Flame Tongue             Conj/Fire      #....        30%         1    #......
 Throw Flame              Conj/Fire      #.....       43%         2    ###....
 Summon Ice Beast         Ice/Summ       #.......     63%         4    #####..
 Conjure Flame            Conj/Fire      #.......     67%         3    ###....
 Inner Flame              Hex/Fire       #.......     67%         3    ###....
 Throw Icicle             Conj/Ice       #.......     83%         4    #####..
 Cause Fear               Hex            #.........   97%         4    #####..
 Sticky Flame             Conj/Fire      #.......     97%         4    #####..
 Fireball                 Conj/Fire      #.........   100%        5    ######.
 Silence                  Hex/Air        #.........   100%        5    ######.
 Yara's Violent Unravell  Hex/Tmut       #.........   100%        5    ######.
 Deflect Missiles         Chrm/Air       #.........   100%        6    #######
 Discord                  Hex            #.........   100%        8    #######


Dungeon Overview and Level Annotations

Branches:
Dungeon (10/15)            Temple (1/1) D:4            Lair (6/6) D:10
  Swamp (4/4) Lair:2        Snake (0/4) Lair:2        Slime (0/5) Lair:5
    Orc (2/2) D:10            Elf (3/3) Orc:2

Altars:
Ashenzari
Cheibriados
Dithmenos
Elyvilon
Fedhas
Gozag
Hepliaklqana
Kikubaaqudgha
Makhleb
Nemelex Xobeh
Okawaru
Qazlal
Ru
Sif Muna
Trog
Uskayaw
Vehumet
Wu Jian
Xom
Yredelemnul
Zin
The Shining One

Shops:
D:9 [!%[?   D:10 }   Orc:1 (   Orc:2 [%[   Elf:1 *   Elf:2 !

Annotations:
D:5 2 transporters, myga's ghost, novice OgAK
Lair:1 exclusion: oklob plant
Lair:5 1 runed translucent door, Bolunijamo's ghost, journeyman GnFi; Rupert


Innate Abilities, Weirdness & Mutations

You revert to your normal form in water You are very nimble and swift while swimming.
You are very stealthy in the water. (Stealth+)
Your flesh is heat resistant. (rF+)
Your magical capacity is low. (-10% MP)
Your system is resistant to poisons. (rPois)


Message History

Some shallow water.
You stomp with the beat, sending a shockwave through the revelers around you!
The shambling mangrove is almost destroyed.
The hornet is heavily wounded.
The hornet is severely wounded.
You feel somewhat less full. The hornet completely misses you.
The hornet barely misses you.
The shambling mangrove hits you but does no damage.
The grasping roots constrict you! The hornet stings you!
* * * LOW HITPOINT WARNING * * *
The hornet stings you but does no damage.
Uskayaw will force your foes to helplessly watch your dance.
You stomp with the beat, sending a shockwave through the revelers around you!
The shambling mangrove is almost destroyed.
The hornet is severely wounded.
You kill the hornet!
You feel somewhat less full. The shambling mangrove hits you!
* * * LOW HITPOINT WARNING * * *
x2 The grasping roots constrict you!
The hornet stings you!
You die...

♣.≈≈.≈♣≈...≈≈§. ≈♣≈
≈♣♣♣≈≈.♣♣.≈...≈≈§♣♣≈≈≈
≈≈.≈.....≈(≈....≈...≈♣♣♣
≈≈..≈≈≈≈≈≈≈(≈≈≈≈≈≈≈.♣..
..≈.≈≈..≈≈≈≈(≈≈≈≈≈≈...
≈≈≈.≈≈.<≈≈≈≈≈(≈≈≈≈≈≈♣
.≈.♣♣♣≈.÷≈≈≈≈[≈≈≈≈≈≈♣ ..
♣..÷≈.≈((≈≈≈≈.♣♣
♣≈...≈≈♣♣♣.f@≈.♣♣♣♣♣
≈≈≈.≈..♣♣ ♣♣..y≈≈≈.≈♣
#♣♣≈....♣ ♣≈.≈≈≈≈≈.♣
♣#.≈≈.≈. ♣♣♣♣§..♣♣♣
##♣....♣ ♣♣♣♣ .≈≈≈♣
..≈≈.


You could see a shambling mangrove and a hornet.

Vanquished Creatures
  Nikola (Swamp:2)
  Gastronok (D:8)
  3 thorn hunters
  An orc warlord (Orc:1)
  Nessos (Lair:4)
  2 deep elf annihilators
  A ghost crab (Lair:2)
  A centaur warrior (Orc:2)
  15 hydras
  A shambling mangrove (Swamp:3)
  A dancing weapon (Elf:1)
  7 alligators
  2 two-headed ogres (D:10)
  An orc high priest (Orc:1)
  2 deep elf knights (Elf:1)
  A spriggan druid (Swamp:3)
  2 deep elf archers (Elf:1)
  11 deep elf magi
  An orc knight (Orc:2)
  Pikel (D:7)
  5 swamp dragons
  An orc sorcerer (Orc:2)
  A manticore (D:8)
  7 black mambas
  12 elephants
  Joseph (D:7)
  Maurice (D:8)
  A gargoyle (D:10)
  A torpor snail (Lair:2)
  20 spiny frogs
  6 komodo dragons
  An efreet (Volcano)
  4 rime drakes
  A queen bee (shapeshifter) (Elf:1)
  2 trolls (Orc:2)
  5 polar bears
  Grinder (D:4)
  Prince Ribbit (D:7)
  9 tyrant leeches
  6 blink frogs
  9 hornets
  2 bog bodies
  4 dream sheep (Lair:6)
  2 slime creatures (Lair:5)
  Sigmund (D:2)
  6 hippogriffs
  13 spriggans (Lair:6)
  4 wyverns
  An air elemental (Elf:2)
  3 basilisks
  2 water elementals
  4 fire elementals
  21 yaks
  A hungry ghost (D:9)
  Eustachio (D:5)
  Grum (D:8)
  11 vampire mosquitoes
  Edmund (D:4)
  8 wargs
  11 swamp worms
  3 porcupines
  13 insubstantial wisps
  A floating eye (shapeshifter) (Elf:2)
  9 water moccasins
  3 slaves
  The ghost of DungeonDestroyer the Sneak, an amateur SpEn of Dithmenos (D:3)
  2 black bears (Lair:6)
  42 orc warriors
  2 sky beasts
  2 phantoms
  5 swamp drakes
  2 ice beasts
  11 ogres
  37 wolves
  4 boggarts (Lair:6)
  11 crocodiles
  17 centaurs
  Blork the orc (D:4)
  18 bullfrogs
  An earth elemental (Volcano)
  2 scorpions
  A water moccasin skeleton (D:6)
  6 killer bees (D:5)
  5 wights (D:9)
  3 howler monkeys
  2 crimson imps
  2 quasits
  2 centaur zombies (D:10)
  2 hounds
  4 jellies
  Crazy Yiuf (D:2)
  11 orc priests
  17 orc wizards
  3 bullfrog skeletons
  Jessica (D:3)
  3 iguanas
  10 worker ants
  A killer bee zombie (D:5)
  A hound skeleton (D:6)
  2 worker ant zombies
  Robin (D:3)
  3 gnolls (Orc:2)
  12 adders
  A shadow imp (D:8)
  11 oozes
  An adder skeleton (D:5)
  A worm (D:2)
  4 dart slugs
  15 leopard geckos
  89 orcs
  10 ball pythons
  17 giant cockroaches
  15 goblins
  6 hobgoblins
  12 jackals
  5 kobolds
  A quokka (D:10)
  4 bats
  13 frilled lizards
  A jackal skeleton (D:8)
  A leopard gecko zombie (D:7)
  A quokka skeleton (D:4)
  A quokka zombie (D:7)
  6 rats
  2 briar patches (Swamp:2)
745 creatures vanquished.

Vanquished Creatures (collateral kills)
  An orc warrior (Orc:2)
  2 centaurs (Orc:2)
  A wolf (Lair:6)
4 creatures vanquished.

Vanquished Creatures (others)
  A swamp drake (Swamp:2)
  A centaur (Lair:6)
  A worker ant (D:7)
  2 orcs
  A bush (Lair:6)
  18 fungi
  12 plants
36 creatures vanquished.

Grand Total: 785 creatures vanquished

Notes
Turn   | Place    | Note
-------+----------+-------------------------------------------
     0 | D:1      | jt the Merfolk Gladiator began the quest for the Orb.
     0 | D:1      | Reached XP level 1. HP: 16/16 MP: 1/1
   152 | D:1      | Reached skill level 5 in Polearms
   155 | D:1      | Reached XP level 2. HP: 22/22 MP: 2/2
   693 | D:2      | Reached skill level 6 in Polearms
   693 | D:2      | Reached XP level 3. HP: 27/27 MP: 3/3
  1121 | D:2      | Noticed Sigmund
  1176 | D:2      | Reached skill level 7 in Polearms
  1176 | D:2      | Reached XP level 4. HP: 28/33 MP: 4/4
  1413 | D:2      | Found a runed translucent door.
  1414 | D:2      | Noticed Crazy Yiuf
  1427 | D:2      | Killed Crazy Yiuf
  1634 | D:3      | Noticed Jessica
  1642 | D:3      | Killed Jessica
  1642 | D:3      | Reached skill level 8 in Polearms
  1642 | D:3      | Reached XP level 5. HP: 28/38 MP: 5/5
  1805 | D:3      | Noticed Robin
  2309 | D:3      | Found a runed translucent gate.
  2309 | D:3      | Found a runed translucent gate.
  2309 | D:3      | Found a runed translucent gate.
  2309 | D:3      | Noticed DungeonDestroyer's ghost (amateur SpEn)
  2675 | D:3      | Reached skill level 9 in Polearms
  2989 | D:3      | Killed Robin
  3179 | D:4      | Found a staircase to the Ecumenical Temple.
  3188 | Temple   | Entered the Ecumenical Temple
  3372 | Temple   | Became a worshipper of Uskayaw the Reveler
  3425 | D:4      | Noticed Grinder
  3429 | D:4      | Reached * piety under Uskayaw
  3432 | D:4      | Reached ** piety under Uskayaw
  3445 | D:4      | Killed Grinder
  3445 | D:4      | Reached skill level 10 in Polearms
  3445 | D:4      | Reached XP level 6. HP: 44/44 MP: 6/6
  3609 | D:4      | Reached XP level 7. HP: 37/50 MP: 7/7
  3714 | D:4      | Found an ancient bone altar of Kikubaaqudgha.
  4057 | D:4      | Reached skill level 11 in Polearms
  4078 | D:4      | Noticed Edmund
  4301 | D:5      | Entered Level 5 of the Dungeon
  4428 | D:5      | Noticed myga's ghost (novice OgAK)
  4433 | D:5      | Found a transporter.
  4437 | D:5      | Found a transporter.
  4510 | D:5      | Found a sacrificial altar of Ru.
  4518 | D:5      | Reached *** piety under Uskayaw
  4608 | D:5      | Noticed Eustachio
  4626 | D:5      | Killed Eustachio
  4626 | D:5      | Reached skill level 12 in Polearms
  4708 | D:5      | Reached skill level 13 in Polearms
  4708 | D:5      | Reached XP level 8. HP: 56/56 MP: 8/8
  4897 | D:4      | Noticed Blork the orc
  4921 | D:4      | Killed Blork the orc
  5329 | D:4      | Gained mutation: Your magical capacity is low. (-10% MP)
                  | [potion of mutation]
  5329 | D:4      | Gained mutation: Your system is resistant to poisons.
                  | (rPois) [potion of mutation]
  5329 | D:4      | Gained mutation: Your flesh is heat resistant. (rF+)
                  | [potion of mutation]
  5345 | D:4      | Killed Edmund
  5536 | D:4      | Reached skill level 14 in Polearms
  6014 | D:5      | Reached **** piety under Uskayaw
  6021 | D:5      | Reached ***** piety under Uskayaw
  6026 | D:5      | Reached skill level 5 in Dodging
  6033 | D:5      | Reached skill level 1 in Invocations
  6573 | D:6      | Found a glowing drain.
  6594 | Sewer    | Entered a sewer
  6631 | Sewer    | Reached XP level 9. HP: 65/65 MP: 9/9
  7024 | D:6      | Identified the +8 mace of Gloom {venom, Str+8 Int+2 Dex-4}
  7606 | D:7      | Noticed Joseph
  7631 | D:7      | Noticed Prince Ribbit
  7904 | D:3      | Killed DungeonDestroyer's ghost
  7904 | D:3      | Reached skill level 5 in Fighting
  7970 | D:2      | Killed Sigmund
  8387 | D:7      | Killed Prince Ribbit
  8825 | D:7      | Reached skill level 1 in Stealth
  8954 | D:8      | Noticed a manticore
  8975 | D:8      | Killed a manticore
  8975 | D:8      | Reached skill level 5 in Invocations
  8996 | D:8      | Reached XP level 10. HP: 44/77 MP: 12/12
  9208 | D:8      | Noticed Grum
  9225 | D:8      | Killed Grum
  9557 | D:8      | Noticed Maurice
  9566 | D:8      | Killed Maurice
  9766 | D:8      | Noticed Gastronok
  9786 | D:8      | Killed Gastronok
  9786 | D:8      | Reached skill level 5 in Stealth
  9980 | D:8      | Learned a level 1 spell: Confusing Touch
  9982 | D:8      | Learned a level 1 spell: Animate Skeleton
  9984 | D:8      | Learned a level 1 spell: Summon Small Mammal
 10034 | D:7      | Noticed Pikel
 10606 | D:7      | Found a burning altar of Makhleb.
 10610 | D:7      | Found a blossoming altar of Fedhas.
 10610 | D:7      | Found an opulent altar of Gozag.
 10613 | D:7      | Found a stormy altar of Qazlal.
 10637 | D:7      | Killed Pikel
 10637 | D:7      | Reached skill level 10 in Dodging
 10637 | D:7      | Reached skill level 1 in Evocations
 10637 | D:7      | Reached XP level 11. HP: 54/86 MP: 14/14
 10643 | D:7      | Found a blossoming altar of Fedhas.
 10721 | D:7      | Killed Joseph
 11774 | D:9      | Found Hesobb's Magic Scroll Boutique.
 11781 | D:9      | Bought a scroll of fear for 52 gold pieces
 12164 | D:9      | Found Ytsoluimoh's Food Emporium.
 12197 | D:9      | Found Laofra's Armour Shoppe.
 12215 | D:9      | Bought a +0 pair of gloves for 54 gold pieces
 12425 | D:9      | Found Zukleib's Antique Armour Shoppe.
 12514 | D:9      | Found Zixy's Distillery.
 12551 | D:9      | Bought a potion of heal wounds for 50 gold pieces
 12551 | D:9      | Bought a potion of heal wounds for 50 gold pieces
 12551 | D:9      | Bought a potion of curing for 30 gold pieces
 12551 | D:9      | Bought a potion of curing for 30 gold pieces
 12551 | D:9      | Bought a potion of haste for 100 gold pieces
 12861 | D:10     | Entered Level 10 of the Dungeon
 12993 | D:10     | Found a staircase to the Lair.
 13075 | D:10     | Noticed a two-headed ogre
 13082 | D:10     | Killed a two-headed ogre
 13083 | D:10     | Found Raefan's Gadget Emporium.
 13096 | D:10     | Bought a wand of disintegration (9) for 169 gold pieces
 13377 | D:10     | Found a staircase to the Orcish Mines.
 13394 | D:10     | Noticed a two-headed ogre
 13420 | Lair:1   | Entered Level 1 of the Lair of Beasts
 13718 | Lair:1   | Reached skill level 15 in Polearms
 14009 | Lair:1   | Reached XP level 12. HP: 49/95 MP: 8/15
 14380 | Lair:1   | Noticed a four-headed hydra
 14796 | Lair:2   | Found a staircase to the Snake Pit.
 15228 | Lair:2   | Reached skill level 5 in Evocations
 15416 | Lair:2   | Found a staircase to the Swamp.
 16061 | Lair:3   | Noticed an eight-headed hydra
 16072 | Lair:3   | Killed an eight-headed hydra
 16072 | Lair:3   | Reached skill level 10 in Fighting
 16567 | Lair:3   | Reached skill level 16 in Polearms
 16645 | Lair:3   | Found a dark tunnel.
 16658 | Volcano  | Entered a volcano
 16859 | Volcano  | Noticed a stone giant
 17032 | Lair:3   | Reached XP level 13. HP: 73/104 MP: 16/16
 17909 | Lair:4   | Noticed Nessos
 17920 | Lair:4   | Killed Nessos
 18227 | Lair:4   | Got a shimmering chain mail
 18381 | Lair:4   | Found a bloodstained altar of Trog.
 18732 | Lair:4   | Reached skill level 5 in Throwing
 19142 | Lair:5   | Found a runed translucent door.
 19142 | Lair:5   | Noticed Bolunijamo's ghost (journeyman GnFi)
 19149 | Lair:5   | You fall through a shaft!
 19149 | Lair:6   | Entered Level 6 of the Lair of Beasts
 19185 | Lair:6   | Identified the +0 chain mail "Pent" {Slay+3} (You found it
                  | on level 4 of the Lair of Beasts)
 19617 | Lair:5   | Noticed Rupert
 19670 | Lair:5   | Found a staircase to the Slime Pits.
 20503 | Lair:6   | Reached skill level 17 in Polearms
 20978 | Lair:6   | Reached ****** piety under Uskayaw
 21173 | Lair:6   | Found a white marble altar of Elyvilon.
 21397 | Lair:6   | Reached XP level 14. HP: 97/114 MP: 17/17
 22768 | Lair:6   | Learned a level 1 spell: Freeze
 22772 | Lair:6   | Learned a level 3 spell: Ozocubu's Armour
 24887 | D:10     | Reached skill level 18 in Polearms
 25156 | Orc:1    | Entered Level 1 of the Orcish Mines
 25290 | Orc:1    | Noticed an orc warlord
 25305 | Orc:1    | Killed an orc warlord
 25761 | Orc:1    | You fall through a shaft!
 25761 | Orc:2    | Entered Level 2 of the Orcish Mines
 26780 | Orc:2    | Reached skill level 15 in Dodging
 27034 | Orc:1    | Found Caqingak's Antique Weapon Shoppe.
 27737 | Orc:2    | Found a staircase to the Elven Halls.
 28347 | Orc:2    | Found Miqil's Gadget Boutique.
 28347 | Orc:2    | Found Zexzyx's Food Shoppe.
 28347 | Orc:2    | Found Eqavaysm's Armour Emporium.
 28350 | Orc:2    | Found Qewec Neg's Antique Armour Shop.
 28364 | Orc:2    | Bought a faintly glowing robe for 165 gold pieces
 28364 | Orc:2    | Identified the +2 robe of Virtue {*Corrode +Fly Dex+7
                  | Slay+3} (You bought it in a shop on level 2 of the Orcish
                  | Mines)
 28663 | Elf:1    | Entered Level 1 of the Elven Halls
 28675 | Elf:1    | Reached XP level 15. HP: 122/122 MP: 18/18
 29289 | Elf:1    | Found Laum's Assorted Antiques.
 29298 | Elf:1    | Bought a dented ruby amulet for 150 gold pieces
 29300 | Elf:1    | Bought a runed fluorescent wand for 120 gold pieces
 29785 | Elf:2    | Found Lobocvoe's Distillery.
 29900 | Elf:3    | Entered Level 3 of the Elven Halls
 30117 | Swamp:1  | Entered Level 1 of the Swamp
 30560 | Swamp:2  | Noticed a thorn hunter
 30818 | Swamp:1  | Noticed a thorn hunter
 30829 | Swamp:1  | Killed a thorn hunter
 30829 | Swamp:1  | Reached skill level 1 in Charms
 30846 | Swamp:2  | Reached skill level 1 in Ice Magic
 30851 | Swamp:2  | Killed a thorn hunter
 30851 | Swamp:2  | Reached skill level 1 in Spellcasting
 30851 | Swamp:2  | Reached skill level 1 in Summonings
 30851 | Swamp:2  | Reached skill level 1 in Necromancy
 31064 | Swamp:2  | Noticed Nikola
 31090 | Swamp:2  | Killed Nikola
 31474 | Swamp:2  | Reached skill level 19 in Polearms
 32123 | Swamp:1  | Got an ivory rapier
 32124 | Swamp:1  | Identified the +11 rapier of Resumed Hostilities {flame,
                  | rN+ Stlth+} (You found it on level 1 of the Swamp)
 32542 | Swamp:1  | Found a sacrificial altar of Ru.
 32778 | Swamp:2  | Noticed a thorn hunter
 32802 | Swamp:2  | Killed a thorn hunter
 33212 | Swamp:4  | Entered Level 4 of the Swamp
 33224 | Swamp:4  | Reached XP level 16. HP: 95/131 MP: 20/20
 33751 | Swamp:4  | HP: 2/131 [shambling mangrove (13)]
 33751 | Swamp:4  | Mangled by a hornet

Skill      XL: |  1  2  3  4  5  6  7  8  9 10 11 12 13 14 15 16 |
---------------+-------------------------------------------------+-----
Polearms       | 5 6 7 8 10 13 14 15 16 17 18 19 | 19.2
Fighting       | 4 6 8 9 10 11 12 13 | 13.5
Dodging        | 5 8 10 11 12 13 15 16 | 16.0
Invocations    | 2 5 6 7 9 |  9.2
Stealth        | 2 6 7 9 |  9.6
Evocations     | 1 4 6 7 8 |  8.4
Throwing       | 3 6 8 |  8.0
Charms         | 2 3 |  3.2
Ice Magic      | 2 3 |  3.4
Spellcasting   | 2 |  2.7
Summonings     | 2 |  2.9
Necromancy     | 2 |  2.4

Action                   |  1- 3 |  4- 6 |  7- 9 | 10-12 | 13-15 | 16-18 || total
-------------------------+-------+-------+-------+-------+-------+-------++-------
Melee: Trident           |    92 |   175 |   543 |    75 |       |       ||   885
       Tailslap          |       |       |    16 |     2 |    21 |     3 ||    42
       Glaive            |       |       |       |   504 |  1159 |    52 ||  1715
 Fire: Hunting sling     |       |     3 |     1 |       |       |       ||     4
Throw: Stone             |     2 |       |     1 |     3 |    15 |       ||    21
       Throwing net      |       |     4 |     6 |       |       |       ||    10
       Tomahawk          |       |     7 |    41 |    78 |   158 |     7 ||   291
       Javelin           |       |       |       |    15 |    23 |       ||    38
Invok: Line Pass         |       |       |     4 |     7 |     3 |       ||    14
       Stomp             |       |       |     2 |       |       |     4 ||     6
       Grand Finale      |       |       |       |       |     2 |     2 ||     4
Evoke: Wand              |       |       |       |    12 |    12 |     4 ||    28
       Phial of floods   |       |       |       |       |     3 |       ||     3
  Use: Scroll            |     1 |     3 |     5 |    10 |    21 |     1 ||    41
       Potion            |       |     2 |     9 |     6 |    11 |     4 ||    32
 Stab: Sleeping          |     3 |       |     9 |    18 |    21 |       ||    51
       Paralysed         |       |       |    10 |    32 |    76 |     6 ||   124
       Held in net/web   |       |       |     3 |       |       |       ||     3
       Confused          |       |       |     1 |     2 |     2 |       ||     5
       Distracted        |       |       |     1 |       |     4 |       ||     5
       Invisible         |       |       |       |       |     1 |       ||     1
  Eat: Chunk             |     1 |     4 |     8 |     8 |    45 |     1 ||    67
       Ration            |       |     1 |     3 |     7 |     5 |       ||    16
Armor: Leather armour    |    14 |    29 |    56 |    74 |   126 |    13 ||   312
       Skin              |       |       |     2 |       |       |       ||     2
Dodge: Dodged            |    38 |    92 |   219 |   365 |   990 |    54 ||  1758
